 Dungeon Crawl Stone Soup version 0.31-a0-1370-gf52a5a9ab3 (webtiles) character file.

Game seed: 3430626600419192503

77 grandjackal the Trooper (level 4, -2/49 HPs)
             Began as an Oni Warper on Dec 24, 2023.
             Slain by a gnoll
             ... wielding a +0 spear
              (4 damage)
             ... on level 4 of the Dungeon.
             The game lasted 00:01:59 (3014 turns).

grandjackal the Trooper (Oni Warper)                Turns: 3014, Time: 00:01:59

Health: -2/49      AC:  3    Str: 15    XL:     4   Next: 33%
Magic:  5/7        EV:  9    Int: 16    God:
Gold:   137        SH:  0    Dex:  8    Spells: 5/7 levels left

rFire   . . .        v - +0 dagger (elec)
rCold   . . .        (no shield)
rNeg    . . .        b - +0 robe
rPois   .            (helmet restricted)
rElec   .            (no cloak)
rCorr   .            (gloves unavailable)
SInv    .            (boots unavailable)
Will    .....        (no amulet)
Stlth   +            (no ring)
HPRegen 0.28/turn    (no ring)
MPRegen 0.10/turn

%: no passive effects
@: on blink cooldown
A: large, unfitting armour, horns 1, tough skin 1, double potion healing,
drunken brawling
a: no special abilities


You were on level 4 of the Dungeon.
You visited 1 branch of the dungeon, and saw 4 of its levels.

You collected 137 gold pieces.

Inventory:

Hand Weapons
 a - a +0 mace
 v - a +0 dagger of electrocution (weapon)
Missiles
 d - 7 darts of dispersal (quivered)
Armour
 b - a +0 robe (worn)
Wands
 u - a wand of digging (5)
Scrolls
 c - a scroll of blinking
 e - 3 scrolls of teleportation {unknown}
 i - 5 scrolls of identify {unknown}
 j - a scroll of enchant armour {unknown}
 l - a scroll of brand weapon {unknown}
 m - 2 scrolls of amnesia {unknown}
 o - a scroll of acquirement {unknown}
 s - a scroll of enchant weapon {unknown}
 t - a scroll of fog {unknown}
Potions
 f - a potion of curing {unknown}
 g - a potion of magic
 h - a potion of ambrosia {unknown}
 k - 2 potions of heal wounds {unknown}
 n - 2 potions of enlightenment {unknown}
 p - 2 potions of resistance {unknown}
 q - a potion of might {unknown}
 r - a potion of degeneration {unknown}


   Skills:
 + Level 4.6 Fighting
 + Level 3.4 Maces & Flails
 - Level 1.0 Throwing
 - Level 2.1 Dodging
 - Level 2.4 Spellcasting
 - Level 2.6 Translocations


You had 5 spell levels left.
You knew the following spells:

 Your Spells              Type           Power      Damage    Failure   Level
a - Blink                 Tloc           20%        N/A       10%         2

Your spell library contained the following spells:

 Spells                   Type           Power      Damage    Failure   Level
 Lesser Beckoning         Tloc           20%        N/A       10%         2
 Foxfire                  Conj/Fire      4%         2x1d4     21%         1
 Kiss of Death            Conj/Necr      4%         2d5       21%         1
 Teleport Other           Tloc           10%        N/A       21%         3
 Sublimation of Blood     Necr           1%         N/A       30%         2
 Hailstorm                Conj/Ice       1%         3d5       52%         3
 Manifold Assault         Tloc           10%        N/A       54%         4
 Vhi's Electric Charge    Tloc/Air       12%        N/A       75%         4
 Petrify                  Alch/Erth      1%         N/A       89%         4
 Summon Ice Beast         Ice/Summ       1%         N/A       89%         4
 Irradiate                Conj/Alch      0%         3d11      99%         5
 Plasma Beam              Fire/Air       0%         2x1d10    100%        6
 Simulacrum               Ice/Necr       0%         N/A       100%        6
 Starburst                Conj/Fire      0%         6d3       100%        6
 Borgnjor's Revivificati  Necr           0%         N/A       100%        8


Dungeon Overview and Level Annotations

Branches:
Dungeon (4/15)
 Temple: D:4-7

Altars:
Qazlal


Innate Abilities, Weirdness & Mutations

You are too large for most types of armour.
You have a pair of small horns on your head.
You have tough skin. (AC +1)
You gain doubled healing and magic from potions.
Whenever you drink a healing potion, you attack all around you.


Message History

The gnoll is severely wounded.
The gnoll hits you with a +0 halberd.
You barely miss the gnoll. Your headbutt misses the gnoll.
The gnoll is severely wounded.
The gnoll hits you with a +0 halberd!
* * * LOW HITPOINT WARNING * * *
You barely miss the gnoll.
The gnoll is severely wounded.
The gnoll closely misses you.
You closely miss the gnoll. Your headbutt misses the gnoll.
The gnoll is severely wounded.
The gnoll hits you with a +0 halberd.
* * * LOW HITPOINT WARNING * * *
You hit the gnoll. Lightning courses through the gnoll!
You kill the gnoll!
The ball python bites you.
* * * LOW HITPOINT WARNING * * *
Casting: Blink (safe; 10% risk of failure)
Confirm with . or Enter, or press ? or * to list all spells.
You blink.
The gnoll hits you from afar with a +0 spear.
* * * LOW HITPOINT WARNING * * *
The gnoll barely misses you. The gnoll attacks as it pursues you!
The gnoll hits you with a +0 whip.
* * * LOW HITPOINT WARNING * * *
You feel ready to blink again.
You take a swig of the potion and twirl your +0 dagger of electrocution.
You closely miss the gnoll. Your headbutt misses the gnoll.
It was a potion of magic.
Magic courses through your body. The gnoll hits you with a +0 whip.
* * * LOW HITPOINT WARNING * * *
Okay, then.
Casting: Blink (safe; 10% risk of failure)
Confirm with . or Enter, or press ? or * to list all spells.
You blink.
The gnoll barely misses you.
The ball python bites you but does no damage.
Okay, then.
The gnoll attacks as it pursues you!
The gnoll hits you from afar with a +0 spear.
You die...

### #########.#
#.ยง.g.gS@.# #.#######.#
#.# #.# ##### #.# #.#
....# #.# #)# ###.#####.#
#)#
###....)..#######.######.
.........)...............
###.#.###########.######.#


You could see 2 gnolls and a ball python.

Vanquished Creatures
  2 gnolls (D:4)
  5 orcs (D:3)
  6 endoplasms
  A giant cockroach (D:2)
  6 goblins
  6 hobgoblins
  3 jackals (D:1)
  4 quokkas
  4 ball pythons
  2 bats (D:1)
  2 frilled lizards
  3 kobolds
44 creatures vanquished.

Notes
Turn   | Place    | Note
-------+----------+-------------------------------------------
     0 | D:1      | grandjackal the Oni Warper began the quest for the Orb.
     0 | D:1      | Reached XP level 1. HP: 22/22 MP: 3/3
   194 | D:1      | Reached skill level 3 in Fighting
   209 | D:1      | Reached XP level 2. HP: 19/31 MP: 5/5
  1133 | D:2      | Reached XP level 3. HP: 31/39 MP: 6/6
  1174 | D:2      | Learned a level 2 spell: Blink
  1985 | D:3      | Found a faded altar of an unknown god.
  2074 | D:3      | Got Sif Muna's Compilation of Bloody Movement
  2163 | D:3      | Reached skill level 4 in Fighting
  2442 | D:3      | Found a stormy altar of Qazlal.
  2995 | D:4      | Reached XP level 4. HP: 49/49 MP: 7/7
  3004 | D:4      | HP: 2/49 [gnoll/+0 spear (3)]
  3010 | D:4      | HP: 1/49 [gnoll/+0 whip (1)]
  3014 | D:4      | Slain by a gnoll

Illustrated notes

Levels and vault maps discovered:
D:1:      dpeg_arrival_simpleton_c, layout_basic
D:2:      layout_basic, minivault_26
D:3:      layout_loops_corners, grunt_qazlal_clouds, basic_ecumenical_altar,
          serial_aquarium, aquarium_bridge_square [aquarium_subvault_window,
          aquarium_subvault_bridge, aquarium_subvault_bridge,
          aquarium_subvault_balcony], aquarium_window_1, aquarium_window_corner,
          aquarium_window_1, aquarium_view_2b, aquarium_balcony_3b,
          aquarium_pool_corner
D:4:      layout_basic, fedhas_altar_2, nicolae_overflow_hidden_temple,
          jmf_multi_god_temple2, serial_shops, shop, uniq_grinder

Skill      XL: |  1  2  3 |
---------------+----------+-----
Fighting       | 3 4 |  4.6
Maces & Flails | 3 |  3.4
Throwing       | |  1.0
Dodging        | |  2.1
Spellcasting   | |  2.4
Translocations | |  2.6

Action                     |  1- 3 |  4- 6 || total
---------------------------+-------+-------++-------
  Melee: Mace              |   123 |       ||   123
         Headbutt          |     3 |     1 ||     4
         Dagger            |     1 |     8 ||     9
   Cast: Blink             |       |     2 ||     2
    Use: Potion            |       |     1 ||     1
   Stab: Sleeping          |     1 |       ||     1
 Armour: Robe              |    86 |    11 ||    97
  Dodge: Dodged            |    70 |     5 ||    75

Table legend: (Time is in decaauts)
 A = Elapsed time spent in this place.
 B = Non-inter-level travel time spent in this place.
 C = Inter-level travel time spent in this place.
 D = Time resting spent in this place.
 E = Time spent auto-exploring this place.
 F = Levels seen in this place.
 G = Mean time per level.
                   A        B        C        D        E       F      G
               +--------+--------+--------+--------+--------+-----+--------+
         Total |   3045 |   2938 |    107 |     45 |   2529 |   4 |  761.2 |
       Dungeon |   3045 |   2938 |    107 |     45 |   2529 |   4 |  761.2 |
               +--------+--------+--------+--------+--------+-----+--------+

Top non-repeatable levels by time:
     D:2: 966 daAuts
     D:3: 946 daAuts
     D:1: 882 daAuts
     D:4: 250 daAuts
